Map: [ESL] Data-C

Players

Creature

  • Race: Protoss Protoss
  • Spawn Location: 9:00

Bioice - Winner!

  • Race: Zerg Zerg
  • Spawn Location: 3:00

Event: DreamHack SC2 Masters 2022 Atlanta (Online)

VOD

Have the link to the VOD?

Description

Time

  • Played on: Oct. 6, 2022, 4:49 p.m.
  • Length: 13:58

All games in this series

Show
View Real Time Build Order
Export as new Build Order

Creature Protoss 

Build Orders: 1 Gate Expand, Oracle Opening 

Get SALT Encoding   

  12  0:00  Probe  
  13  0:13  Pylon  
  13  0:17  Probe (Chrono Boost)  
  14  0:27  Probe (Chrono Boost)  
  15  0:32  Probe (Chrono Boost)  
  16  0:39  Gateway  
  16  0:43  Probe  
  17  0:50  Assimilator  
  17  0:56  Probe  
  18  1:08  Probe  
  19  1:20  Probe  
  20  1:27  Nexus  
  20  1:37  Cybernetics Core  
  20  1:40  Probe  
  21  1:47  Assimilator  
  21  1:52  Probe  
  22  1:57  Pylon  
  22  2:04  Probe  
  23  2:13  Adept (Chrono Boost)  
  23  2:18  Probe (Chrono Boost)  
  26  2:26  Stargate  
  26  2:27  Probe (Chrono Boost)  
  26  2:29  Warp Gate  
  27  2:32  Probe (Chrono Boost)  
  27  2:34  Adept (Chrono Boost)  
  30  2:40  Probe  
  31  2:45  Probe  
  32  2:52  Probe  
  32  2:57  Probe  
  32  2:58  Stalker  
  34  3:04  Probe  
  37  3:10  Oracle (Chrono Boost), Probe  
  40  3:20  Probe  
  40  3:26  Probe, Gateway  
  41  3:32  Probe  
  42  3:39  Probe  
  42  3:40  Pylon  
  41  3:41  Oracle (Chrono Boost)  
  41  3:45  Probe  
  45  3:53  Probe  
  46  3:58  Probe  
  47  4:04  Assimilator  
  47  4:05  Probe, Pylon  
  48  4:10  Probe  
  49  4:17  Probe  
  49  4:19  Nexus  
  49  4:20  Pylon  
  49  4:22  Oracle, Probe  
  54  4:29  Probe  
  54  4:31  Assimilator  
  55  4:34  Probe  
  56  4:38  Adept  
  56  4:39  Adept  
  56  4:41  Probe  
  61  4:46  Shield Battery, Probe  
  61  4:49  Pylon  
  62  4:53  Probe  
  62  4:54  Twilight Council  
  62  4:55  Forge  
  62  4:59  Probe  
  64  5:05  Probe  
  65  5:11  Probe  
  66  5:17  Probe  
  66  5:20  Protoss Ground Weapons Level 1  
  67  5:23  Probe (Chrono Boost)  
  68  5:30  Gateway x2  
  68  5:32  Gateway x2  
  68  5:33  Probe (Chrono Boost)  
  68  5:34  Probe (Chrono Boost)  
  68  5:35  Probe (Chrono Boost)  
  71  5:37  Assimilator  
  74  5:43  Sentry, Probe (Chrono Boost)  
  74  5:44  Probe (Chrono Boost), Blink (Chrono Boost)  
  74  5:45  Probe (Chrono Boost), Stalker  
  74  5:48  Probe (Chrono Boost)  
  74  5:49  Probe  
  79  5:54  Probe  
  81  5:59  Probe  
  81  6:01  Probe  
  83  6:06  Probe  
  83  6:07  Stalker  
  83  6:08  Stalker  
  83  6:10  Pylon  
  83  6:11  Probe  
  89  6:13  Probe  
  89  6:15  Pylon  
  89  6:18  Gateway  
  90  6:20  Gateway  
  90  6:25  Stalker  
  92  6:28  Pylon  
  92  6:34  Stalker x2  
  92  6:35  Stalker x3  
  102  6:46  Photon Cannon  
  102  6:50  Nexus  
  102  6:51  Pylon  
  102  6:55  Pylon  
  102  7:00  Assimilator, Stalker x4  
  110  7:04  Templar Archives  
  110  7:11  Probe  
  110  7:14  Stalker x3  
  117  7:20  Gateway  
  117  7:21  Gateway  
  117  7:25  Stalker x2  
  121  7:37  Zealot x3  
  121  7:38  Stalker x3  
  127  7:51  Charge (Chrono Boost)  
  127  7:53  Protoss Ground Weapons Level 2 (Chrono Boost)  
  127  7:54  Probe  
  127  7:56  Probe  
  129  7:59  Shield Battery, Stalker x2  
  133  8:06  Photon Cannon  
  133  8:08  Probe  
  133  8:11  Probe  
  135  8:14  Probe  
  136  8:20  Probe  
  136  8:23  Zealot x5  
  136  8:24  Probe  
  136  8:26  Pylon  
  148  8:27  Pylon  
  148  8:31  Psionic Storm  
  148  8:39  Assimilator x2  
  148  8:42  Assimilator  
  148  8:44  Probe  
  148  8:46  High Templar x2  
  153  8:50  High Templar x2  
  157  8:57  Robotics Facility  
  157  9:05  Probe  
  157  9:09  Stalker x3  
  164  9:19  Pylon x2  
  164  9:21  Pylon  
  164  9:22  Pylon  
  158  9:40  Stalker x4  
  158  9:41  Stalker x5  
  138  10:07  Zealot x4, Immortal (Chrono Boost), Probe  
  138  10:08  Zealot x6  
  138  10:11  Probe  
  160  10:18  Probe  
  160  10:19  Probe x2  
  163  10:24  Probe  
  163  10:25  Protoss Ground Weapons Level 3 (Chrono Boost)  
  164  10:30  High Templar x6  
  164  10:31  Zealot x4  
  184  10:36  Nexus  
  184  10:38  Observer (Chrono Boost)  
  184  10:42  Probe x2  
  187  10:45  Shield Battery  
  187  10:46  Photon Cannon  
  187  10:49  Pylon  
  174  10:59  Zealot x4  
  174  11:03  Probe  
  183  11:07  Warp Prism (Chrono Boost)  
  183  11:10  Zealot x3  
  191  11:12  High Templar x2  
  195  11:22  Pylon  
  195  11:26  Nexus  
  195  11:27  Archon, Pylon  
  163  11:58  Zealot x7  
  163  11:59  Zealot x2  
  135  12:13  Archon  
  135  12:14  Archon  
  98  12:23  Zealot  
  98  12:24  Zealot x9  
  110  12:32  Probe  
  109  12:37  Gateway  
  109  12:38  Probe  
  109  12:40  Gateway  
  109  12:41  Gateway, Probe x2  
  100  12:45  Stalker x4  
  100  12:46  Stalker x6  
  118  12:52  Fleet Beacon  
  117  13:10  Stalker x10  
  115  13:35  High Templar x3  
  115  13:36  High Templar x10  
  115  13:40  Archon x4  
  115  13:41  Archon x2  
Show
View Real Time Build Order
Export as new Build Order

Bioice Zerg - Winner!

Build Orders: Hatch First, Brood Lord Corruptor 

Get SALT Encoding   

  12  0:00  Drone  
  13  0:12  Overlord  
  13  0:17  Drone  
  14  0:31  Drone x2  
  16  0:49  Drone x2  
  18  0:57  Hatchery  
  18  1:01  Drone  
  18  1:04  Extractor  
  17  1:15  Spawning Pool  
  16  1:19  Drone  
  16  1:21  Drone  
  18  1:28  Drone  
  19  1:39  Drone  
  20  1:49  Drone  
  21  2:05  Zergling x2  
  22  2:08  Queen  
  22  2:09  Queen  
  22  2:10  Overlord  
  22  2:13  Metabolic Boost  
  26  2:17  Zergling x2  
  26  2:20  Drone  
  28  2:33  Hatchery  
  27  2:38  Zergling x4  
  27  2:40  Drone  
  27  2:43  Drone  
  31  2:49  Queen  
  33  2:55  Overlord  
  33  3:00  Zergling x2  
  34  3:08  Queen  
  36  3:16  Drone x5  
  40  3:23  Drone x3  
  43  3:34  Spore Crawler  
  43  3:35  Overlord  
  42  3:42  Drone  
  42  3:46  Drone, Overlord  
  42  3:47  Drone x2  
  46  3:55  Queen  
  46  3:56  Queen  
  46  3:58  Drone  
  51  4:03  Drone x2  
  51  4:04  Drone  
  51  4:05  Drone  
  51  4:08  Drone  
  51  4:09  Drone  
  57  4:12  Overlord  
  57  4:15  Drone  
  57  4:16  Drone  
  59  4:17  Drone  
  59  4:23  Roach Warren  
  58  4:25  Drone x2  
  58  4:28  Drone x2  
  58  4:30  Drone  
  63  4:35  Evolution Chamber  
  63  4:36  Drone x2  
  64  4:39  Spore Crawler  
  64  4:40  Spore Crawler  
  64  4:41  Drone  
  64  4:42  Drone  
  64  4:44  Drone x2  
  66  4:47  Drone  
  66  4:48  Drone  
  66  4:51  Drone, Overlord  
  69  4:58  Extractor  
  68  5:00  Hatchery  
  68  5:07  Overlord  
  65  5:09  Zergling x2  
  65  5:10  Zergling x10  
  71  5:16  Zergling x8  
  71  5:19  Lair  
  75  5:23  Overlord  
  75  5:25  Zergling x6  
  75  5:26  Overlord  
  77  5:29  Zerg Missile Weapons Level 1  
  77  5:31  Drone x2  
  77  5:35  Overlord  
  79  5:37  Drone x3  
  79  5:40  Drone x2  
  84  5:44  Drone x3  
  84  5:45  Drone  
  87  5:50  Extractor  
  87  5:51  Extractor  
  87  5:53  Extractor  
  87  5:54  Drone x5  
  87  5:55  Overlord  
  87  5:56  Extractor  
  87  5:58  Drone x2  
  87  6:01  Drone  
  88  6:08  Drone x6  
  94  6:14  Drone  
  94  6:15  Drone  
  94  6:17  Glial Reconstitution  
  96  6:20  Overlord x2  
  96  6:24  Drone x4  
  100  6:28  Roach x3, Extractor  
  100  6:31  Extractor  
  104  6:33  Roach x3  
  104  6:37  Roach x2  
  114  6:47  Roach x6  
  114  6:49  Overlord x2  
  125  6:58  Roach x5  
  125  7:00  Overlord  
  135  7:08  Overlord x2  
  135  7:15  Roach x6  
  147  7:16  Infestation Pit, Ravager  
  147  7:17  Ravager x4  
  147  7:21  Overlord  
  151  7:24  Roach x3  
  151  7:26  Overlord  
  151  7:40  Roach x8  
  160  7:45  Roach x3  
  160  7:50  Roach x2  
  168  7:52  Ravager x7  
  168  7:55  Ravager  
  173  7:59  Drone x4  
  173  8:00  Drone  
  173  8:03  Drone  
  175  8:06  Hive  
  175  8:08  Drone x2  
  175  8:09  Drone  
  177  8:16  Spire  
  177  8:17  Drone  
  177  8:18  Drone x3  
  180  8:22  Overlord x2  
  180  8:26  Drone x3  
  181  8:35  Roach  
  183  8:46  Spine Crawler  
  182  8:48  Spine Crawler  
  181  9:01  Roach x7  
  195  9:09  Hatchery  
  193  9:11  Roach  
  193  9:12  Roach x2  
  194  9:36  Roach x2  
  194  9:38  Greater Spire, Zerg Missile Weapons Level 2  
  174  9:55  Roach  
  174  9:56  Roach x11  
  161  10:00  Roach x8  
  161  10:01  Roach x5  
  161  10:03  Roach x9  
  188  10:08  Roach x3  
  188  10:12  Roach x3  
  199  10:14  Ravager  
  199  10:16  Roach  
  197  10:39  Corruptor  
  197  10:50  Extractor  
  197  10:53  Extractor  
  185  10:57  Corruptor x4  
  187  11:09  Corruptor x4  
  193  11:11  Brood Lord  
  193  11:15  Zerg Flyer Weapons Level 1  
  193  11:17  Corruptor x2  
  193  11:24  Pathogen Glands  
  191  11:33  Brood Lord x4  
  199  11:40  Spine Crawler x2  
  199  11:41  Brood Lord  
  199  11:42  Spore Crawler  
  194  11:50  Brood Lord x2  
  194  11:52  Roach x5  
  195  11:57  Roach x5  
  180  12:06  Roach  
  173  12:13  Roach x3  
  158  12:18  Roach x7  
  164  12:25  Roach x15  
  186  12:32  Infestor x2  
  184  12:41  Roach x4  
  176  12:45  Corruptor  
  178  12:54  Roach x3  
  184  12:59  Corruptor  
  186  13:06  Roach x2  
  186  13:07  Roach  
  188  13:25  Roach x4  
  196  13:33  Roach  
Tags
 
Add a new tag
Caveats
  • Supply blocks, unpowered buildings, or Contaminate may cause inaccurate times.
  • Supply counts are checked every 10 seconds.